 Dungeon Crawl Stone Soup version 0.28-a0-1130-gc51a68064b (webtiles) character file.

Game seed: 18307949733056201743

13 ytrimaz the Shield-Bearer (level 2, -1/24 HPs)
             Began as a Formicid Fighter on Dec 12, 2021.
             Slain by a kobold (13 damage)
             ... on level 1 of the Dungeon.
             The game lasted 00:01:00 (592 turns).

ytrimaz the Shield-Bearer (Formicid Fighter)         Turns: 592, Time: 00:01:01

Health: -1/24      AC:  6    Str: 20    XL:     2   Next: 50%
Magic:  2/2        EV:  9    Int:  7    God:
Gold:   30         SH:  4    Dex: 10    Spells: 1/1 levels left

rFire   . . .      SeeInvis +   a - +0 flail
rCold   . . .      Faith    .   c - +0 buckler
rNeg    . . .      Spirit   .   b - +0 scale mail
rPois   .          Reflect  .   (helmet unavailable)
rElec   .          Harm     .   (no cloak)
rCorr   .          Rampage  .   (no gloves)
Will    .....                   (no boots)
Stlth   ..........              (no amulet)
HPRegen 0.08/turn               (no ring)
MPRegen 0.08/turn               (no ring)

@: mighty
A: permanent stasis, dig shafts and tunnels, antennae 3, four strong arms
a: Dig, Shaft Self


You were on level 1 of the Dungeon.
You visited 1 branch of the dungeon, and saw 1 of its levels.

You collected 30 gold pieces.

Inventory:

Hand Weapons
 a - a +0 flail (weapon)
Armour
 b - a +0 scale mail (worn)
 c - a +0 buckler (worn)
Jewellery
 g - a ring of willpower
Scrolls
 f - a scroll of enchant armour {unknown}
Potions
 e - a potion of curing


   Skills:
 + Level 3.6 Fighting
 * Level 2.3 Maces & Flails
 + Level 3.5 Armour
 - Level 3.6 Shields


You had one spell level left.
You didn't know any spells.
Your spell library was empty.

Dungeon Overview and Level Annotations

Branches:
Dungeon (1/15)

Altars:


Innate Abilities, Weirdness & Mutations

You cannot be hasted, slowed, berserked, paralysed or teleported.
You can dig through walls and to a lower floor.
You have a pair of large antennae on your head. (SInv)
Your four strong arms can wield two-handed weapons with a shield.


Message History

Found a fuming yellow potion and a large gilded ring.
You see here a giant cockroach corpse.
e - 2 fuming yellow potions (gained 1)
g - a ring of willpower You now have 30 gold pieces (gained 7).
You sense a monster nearby.
You sense a monster nearby.
A kobold comes into view.
It is wielding a +1 dagger of electrocution.
The kobold shouts!
You hear a shout! x2
A kobold comes into view. It is wielding a +0 short sword.
There are monsters nearby!
The kobold throws a stone.
You block the stone.
A goblin comes into view. It is wielding a +0 club.
You closely miss the kobold. The kobold hits you but does no damage.
You are electrocuted!
The kobold hits you but does no damage.
You are electrocuted!
* * * LOW HITPOINT WARNING * * *
You sock the kobold!
You kill the kobold!
The kobold hits you but does no damage.
Unknown command.
The kobold barely misses you.
Press: ? - help, v - describe, . - travel
Here: a kobold, wielding a +1 dagger of electrocution and quivering stones The floor.
It was a potion of curing.
You feel better. The goblin hits you but does no damage.
Unknown command.
You feel very mighty all of a sudden. You block the goblin's attack.
You closely miss the goblin. The goblin closely misses you.
You sock the goblin!
You kill the goblin!
The kobold hits you with a +1 dagger of electrocution.
You barely miss the kobold. The kobold closely misses you.
You closely miss the kobold.
The kobold hits you with a +1 dagger of electrocution.
You are electrocuted!
Ouch! That really hurt!
You die...

#.# ♣..♣♣### #....# #.####
#.# ♣♣..♣..#...##.# #.##..
#.# ♣..♣♣#.#.#.... #.##.#
#.# ♣P.♣ #.#.#.#.. #.# #.#
♣♣.♣ #.#.#.#.# #.# #.#
##.###.#.#.#)###########.#
#.#
#..(...#.#...............#
#.#
#.######.###.#############
###.# #.# #.@K..# ....#
#.# ####### .##.# #.#
.##.# #.# .#######.#
.........# ##########


You could see a kobold.

Vanquished Creatures
  A dart slug (D:1)
  A giant cockroach (D:1)
  3 goblins (D:1)
  2 kobolds (D:1)
  2 ball pythons (D:1)
  2 bats (D:1)
  A rat (D:1)
12 creatures vanquished.

Notes
Turn   | Place    | Note
-------+----------+-------------------------------------------
     0 | D:1      | ytrimaz the Formicid Fighter began the quest for the Orb.
     0 | D:1      | Reached XP level 1. HP: 18/18 MP: 1/1
   222 | D:1      | Reached XP level 2. HP: 20/24 MP: 2/2
   592 | D:1      | Slain by a kobold

Illustrated notes

Levels and vault maps discovered:
D:1:      dpeg_arrival_simpleton_b, layout_basic,
          shapermc_ecumenical_altar_mp_highgroup, serial_forest,
          infiniplex_forest_lined_corner, infiniplex_forest_clump_small,
          infiniplex_forest_straight_3, infiniplex_forest_straight_5,
          infiniplex_forest_lined_1, infiniplex_forest_straight_2,
          infiniplex_forest_end_3

Action                   || total
-------------------------++-------
Melee: Flail             ||    42
  Use: Potion            ||     2
Armor: Scale mail        ||    25
Dodge: Dodged            ||    25
Block: Buckler           ||    11

Table legend: (Time is in decaauts)
 A = Elapsed time spent in this place.
 B = Non-inter-level travel time spent in this place.
 C = Inter-level travel time spent in this place.
 D = Time resting spent in this place.
 E = Time spent auto-exploring this place.
 F = Levels seen in this place.
 G = Mean time per level.
                   A        B        C        D        E       F      G
               +--------+--------+--------+--------+--------+-----+--------+
         Total |    604 |    604 |      0 |      0 |    488 |   1 |  604.0 |
       Dungeon |    604 |    604 |      0 |      0 |    488 |   1 |  604.0 |
               +--------+--------+--------+--------+--------+-----+--------+

Top non-repeatable levels by time:
     D:1: 604 daAuts
